 Dungeon Crawl Stone Soup version 0.31.0-9-g3a7656b989 (webtiles) character file.

Game seed: 16753999328109249790

122 qw the Ducker (level 4, -4/23 HPs)
             Began as a Spriggan Hunter on Feb 2, 2024.
             Slain by an orc
             ... wielding a +0 flail
              (7 damage)
             ... on level 5 of the Dungeon.
             The game lasted 00:00:09 (2419 turns).

qw the Ducker (Spriggan Hunter)                     Turns: 2419, Time: 00:00:10

Health: -4/23      AC:  2    Str: 13    XL:     4   Next: 78%
Magic:  5/5        EV: 20    Int: 10    God:
Gold:   175        SH:  0    Dex: 20    Spells: 3/3 levels left

rFire   . . .        a - +2 shortbow
rCold   . . .        (shield currently unavailable)
rNeg    . . .        c - +0 robe
rPois   +            (helmet restricted)
rElec   .            (no cloak)
rCorr   .            (gloves unavailable)
SInv    +            (boots unavailable)
Will    .....        (no amulet)
Stlth   ++           f - ring of poison resistance
HPRegen 0.23/turn    h - +6 ring of strength
MPRegen 0.09/turn

%: no passive effects
@: very quick
A: very small, no large weapons, unfitting armour, see invisible, speed 3
a: no special abilities


You were on level 5 of the Dungeon.
You visited 1 branch of the dungeon, and saw 5 of its levels.

You collected 197 gold pieces.
You spent 22 gold pieces at shops.


Innate Abilities, Weirdness & Mutations

You are very small and have problems with some larger weapons.
You are too small for most types of armour.
You have supernaturally acute eyesight. (SInv)
You cover ground extremely quickly. (Speed+++)


   Skills:
 + Level 1.7 Fighting
 - Level 5.0 Ranged Weapons
 - Level 5.3 Dodging
 - Level 1.5 Stealth


You had 3 spell levels left.
You didn't know any spells.
Your spell library was empty.

Inventory:

Hand Weapons
 a - a +2 shortbow (weapon)
Armour
 c - a +0 robe (worn)
Jewellery
 f - a ring of poison resistance (left hand)
 h - a +6 ring of strength (right hand)
 Y - a ring of resist corrosion
Potions
 b - a potion of might {unknown}
 e - a potion of degeneration {unknown}
 g - 2 potions of mutation

Dungeon Overview and Level Annotations

Branches:
Dungeon (5/15)
 Temple: D:4-7

Altars:
Elyvilon
Sif Muna

Shops:
D:1 *

Annotations:
D:1 2 transporters
D:2 1 runed translucent door, Crazy Yiuf


Message History

The orc wizard is moderately wounded.
An orc comes into view. It is wielding a +0 club.
The orc wizard misses you.
You shoot an arrow. The arrow hits the orc wizard.
The orc wizard is heavily wounded.
You hear a shout!
The orc wizard closely misses you.
You hear a shout!
You shoot an arrow. The arrow hits the orc wizard!
You kill the orc wizard!
Your Dodging skill increases to level 5!
You shoot an arrow. The arrow hits the orc!
You kill the orc!
You shoot an arrow. The arrow closely misses the orc.
The arrow hits the orc.
The orc is almost dead.
An orc comes into view. It is wielding a +0 trident.
The orc closely misses you.
You shoot an arrow. The arrow hits the orc.
The orc is heavily wounded.
The orc barely misses you.
You shoot an arrow. The arrow hits the orc!
You kill the orc!
The orc barely misses you.
You shoot an arrow. The arrow closely misses the orc.
The arrow closely misses the orc priest.
The arrow hits the orc!
You kill the orc!
The orc hits you but does no damage.
You shoot an arrow.
The arrow hits the orc but does no damage.
The orc is almost dead.
The orc hits you with a +0 flail!
You shoot an arrow. The arrow barely misses the orc.
The arrow hits the orc priest.
The orc priest is heavily wounded.
The orc hits you with a +0 flail.
You shoot an arrow. The arrow closely misses the orc.
The arrow closely misses the orc priest.
The orc hits you with a +0 flail!
You die...

##o... ###
'..o. #.#
###o... ###.#
..o.... #...#
...o. #.#.#
... #.#.#
#.######.#.#
#)oo@......#
##########.##
#...<#
###.#.##
#...#.#
#.#.#.#
#...#.#
#.#.#.#
#.#...#


You could see an orc priest and an orc.

Vanquished Creatures
  An orc wizard (D:5)
  2 adders
  4 ribbon worms
  4 orcs (D:5)
  3 endoplasms
  2 giant cockroaches (D:2)
  8 goblins
  6 hobgoblins
  6 jackals
  2 kobolds
  4 quokkas (D:2)
  7 ball pythons
  4 bats
  A frilled lizard (D:1)
  6 rats
60 creatures vanquished.

Notes
Turn   | Place    | Note
-------+----------+-------------------------------------------
     0 | D:1      | qw the Spriggan Hunter began the quest for the Orb.
     0 | D:1      | Reached XP level 1. HP: 10/10 MP: 2/2
     0 | D:1      | 0 ||| qw: Version: 0.3-a-155-g5e7d8dd
     0 | D:1      | 0 ||| qw: Game counter: 986
     0 | D:1      | 0 ||| qw: Melee chars always use a shield: true
     0 | D:1      | 0 ||| qw: God list: Okawaru
     0 | D:1      | 0 ||| qw: Allow faded altars: false
     0 | D:1      | 0 ||| qw: Do Orc after clearing Dungeon:15 true
     0 | D:1      | 0 ||| qw: Do second Lair branch before Depths: true
     0 | D:1      | 0 ||| qw: Lair rune preference: random
     0 | D:1      | 0 ||| qw: Goals: Normal
     0 | D:1      | 0 ||| PLANNING D:1-11
    71 | D:1      | Reached skill level 3 in Dodging
   124 | D:1      | Reached XP level 2. HP: 14/14 MP: 3/3
   283 | D:1      | Found Zuofig's General Store.
   300 | D:1      | 300 ||| SHOPLISTING +1 shortbow of draining (136 gold, have
                  | 48).
   300 | D:1      | 300 ||| SHOPLISTING amulet of guardian spirit (330 gold,
                  | have 48).
   300 | D:1      | 300 ||| SHOPLISTING potion of heal wounds (55 gold, have
                  | 48).
   300 | D:1      | 300 ||| BUYING scroll of identify (22 gold).
   300 | D:1      | Bought a scroll of identify for 22 gold pieces
   453 | D:1      | 453 ||| UPGRADING to ring of poison resistance.
   454 | D:1      | 454 ||| READING scroll of identify.
   454 | D:1      | 454 ||| IDENTIFYING 2 glowing black potions
   455 | D:1      | 455 ||| READING 2 scrolls labelled YDWIBOTZ ASASS.
   455 | D:1      | 455 ||| ENCHANTING +0 shortbow.
   456 | D:1      | 456 ||| READING scroll of enchant weapon.
   456 | D:1      | 456 ||| ENCHANTING +1 shortbow.
   457 | D:1      | 457 ||| READING scroll labelled DYPTEPPAZO.
   458 | D:1      | 458 ||| READING scroll labelled OLLUCR WUCSA.
   461 | D:1      | 461 ||| DROPPING scroll of butterflies.
   775 | D:2      | Reached XP level 3. HP: 18/18 MP: 4/4
   996 | D:2      | Found a runed translucent door.
   997 | D:2      | Noticed Crazy Yiuf
  1265 | D:2      | 1265 ||| DROPPING scarf of shadows.
  1266 | D:2      | 1266 ||| UPGRADING to ring of resist corrosion.
  1267 | D:2      | 1267 ||| READING scroll of identify.
  1267 | D:2      | 1267 ||| IDENTIFYING grey potion
  1268 | D:2      | 1268 ||| DROPPING potion of berserk rage.
  1480 | D:3      | Found a faded altar of an unknown god.
  1514 | D:3      | Found a shimmering blue altar of Sif Muna.
  1736 | D:3      | Found a white marble altar of Elyvilon.
  1822 | D:3      | Reached XP level 4. HP: 22/22 MP: 5/5
  1889 | D:3      | 1889 ||| UPGRADING to +6 ring of strength.
  1891 | D:3      | 1891 ||| READING scroll labelled TEROUCRIOFA.
  2114 | D:3      | Identified the +6 quarterstaff of Molysaz {freeze, rC+
                  | Dex+2}
  2343 | D:4      | 2343 ||| READING scroll labelled MAHAUKH ENWOQI.
  2373 | D:5      | Entered Level 5 of the Dungeon
  2399 | D:5      | 2399 ||| FLEEEEING.
  2400 | D:5      | 2400 ||| FLEEEEING.
  2418 | D:5      | HP: 3/23 [orc/+0 flail (6)]
  2419 | D:5      | Slain by an orc

Levels and vault maps discovered:
D:1:      spicycebolla_arrival_transporter_tutorial, layout_rooms, serial_shops,
          shop, columned_hall_lemuel, minmay_tromino_mix6
D:2:      layout_loops_ring, kennysheep_boxes, uniq_crazy_yiuf_cottage
D:3:      layout_basic, nicolae_overflow_hidden_temple,
          mainiacjoe_overflow_alcove_1, hellmonk_ecumenical_altar_arch_garden,
          minmay_large_rounded_square
D:4:      layout_cave_pools
D:5:      kennysheep_steamy, layout_basic, minmay_temple_entry_antechambers,
          minmay_chambers_of_fives, uniq_duvessa

Skill      XL: |  1  2  3  4 |
---------------+-------------+-----
Dodging        | 3 4 5 |  5.3
Ranged Weapons | 5 |  5.0
Fighting       | |  1.7
Stealth        | |  1.5

Action                     |  1- 3 |  4- 6 || total
---------------------------+-------+-------++-------
   Fire: Shortbow          |    98 |    38 ||   136
    Use: Scroll            |     6 |     2 ||     8
 Armour: Robe              |     4 |     5 ||     9
  Dodge: Dodged            |    17 |    11 ||    28

Table legend:
 A = Non-vault XP
 B = Vault XP
 C = Vault XP percentage of total XP
 D = Non-vault monster count
 E = Vault monster count
 F = Vault count percentage of total count
                 A         B        C        D         E       F
            +---------+---------+-------+---------+---------+-------
      Total |     172 |       3 |   1.7 |      58 |       2 |   3.3
            +---------+---------+-------+---------+---------+-------
        D:1 |      15 |       3 |  16.7 |      10 |       2 |  16.7
        D:2 |      35 |       0 |   0.0 |      21 |       0 |   0.0
        D:3 |      48 |       0 |   0.0 |      16 |       0 |   0.0
        D:4 |      27 |       0 |   0.0 |       6 |       0 |   0.0
        D:5 |      47 |       0 |   0.0 |       5 |       0 |   0.0
            +---------+---------+-------+---------+---------+-------
